[Event "Early-Titled-Tuesday-Blitz-September-26-2023"]
[Site "Chess.com"]
[Date "2023.09.26"]
[Round "7"]
[White "koncheto"]
[Black "BeautiFullMindChess"]
[Result "0-1"]
[WhiteElo "2534"]
[BlackElo "2353"]
[TimeControl "180+1"]
[EndTime "9:18:26 PDT"]
[Termination "BeautiFullMindChess won by resignation"]

1. e4 c5 2. Nf3 d6 3. d4 cxd4 4. Nxd4 Nf6 5. f3 e6 6. c4 a6 7. Nc3 Be7 8. Be3 O-O 9. Nc2 Qc7 10. Be2 b6 11. O-O Nbd7 12. Qd2 Bb7 13. Rac1 Rac8 14.
Rfd1 Rfd8 15. b4 Ne5 16. Na4 Ned7 17. Bf1 d5 18. exd5 exd5 19. Na3 d4 20. Bxd4 Ne5 21. Bxb6 Rxd2 22. Bxc7 Rxd1 23. Rxd1 Rxc7 24. c5 Rd7 25. Re1 Ng6 26. Nb6 Rd8 27. Nac4 h5 28. Na5 Bd5 29. Bxa6 Bxa2 30. c6 Bxb4 31. c7 Rf8 32. Ra1 Be6 33.
Nc6 Bc5+ 34. Kf1 Bxb6 35. c8=Q Bxc8 36. Bxc8 Rxc8 37. Ne7+ Nxe7 0-1

[Event "Early-Titled-Tuesday-Blitz-September-26-2023"]
[Site "Chess.com"]
[Date "2023.09.26"]
[Round "7"]
[White "KaydenTroffChess"]
[Black "RandomNoob04"]
[Result "1-0"]
[WhiteElo "2767"]
[BlackElo "2614"]
[TimeControl "180+1"]
[EndTime "9:18:28 PDT"]
[Termination "KaydenTroffChess won by resignation"]

1. d4 Nf6 2. Nf3 e6 3. Bf4 c5 4. e3 b6 5. Nbd2 Bb7 6. Nc4 d5 7. Nce5 Nbd7 8. Bb5 a6 9. Ng5 axb5 10. Nexf7 Qe7 11.
Nxh8 e5 12. dxe5 Nxe5 13. Nxh7 Neg4 14. h3 Nxh7 15. Qxg4 Nf6 16. Qg6+ Kd7 17. Qf5+ Qe6 18. Qxe6+ Kxe6 19. Ng6 d4 20. O-O dxe3 21. Rfe1 Nd5 22. Nxf8+ Rxf8 23. Bxe3 Kf7 24. c3 Bc6 25. Rad1 Ra8 26.
a3 Ra4 27. Bg5 b4 28. axb4 cxb4 29. c4 Nf6 30. Rd6 Ne4 31. Rxc6 Nxg5 32. Rxb6 b3 33. Re5 Nh7 34. c5 Ra2 35. Rxb3 g5 36. Rb6 Ra1+ 37. Kh2 Rc1 38. Rd5 Nf6 39. Rf5 1-0

[Event "Early-Titled-Tuesday-Blitz-September-26-2023"]
[Site "Chess.com"]
[Date "2023.09.26"]
[Round "7"]
[White "Shuvalov"]
[Black "pirulillo"]
[Result "1-0"]
[WhiteElo "2477"]
[BlackElo "2362"]
[TimeControl "180+1"]
[EndTime "9:18:30 PDT"]
[Termination "Shuvalov won by resignation"]

1. d4 Nf6 2. c4 g6 3. Nc3 Bg7 4. e4 d6 5. Nf3 O-O 6. Be2 e5 7. O-O Nc6 8. d5 Ne7 9. Ne1 Nd7 10. f3 f5 11. g4 Nf6 12. Nd3 c5 13.
a3 h6 14. h4 Nh7 15. Rf2 fxe4 16. fxe4 Rxf2 17. Nxf2 g5 18. h5 Bd7 19. Be3 b6 20. b4 Qc7 21. b5 Rf8 22. a4 Rf4 23. a5 Nf6 24. axb6 axb6 25. Ra8+ Kh7 26. Kg2 Bc8 27.
Bxf4 gxf4 28. Bf3 Bb7 29. Ra7 Nc8 30. Ra3 Kg8 31. Kf1 Nh7 32. Nh3 Bf6 33. Ke2 Ng5 34. Nxg5 Bxg5 35. Kd3 Kf7 36. Qa1 Qb8 37. Ra6 Ke8 38.
Qa4 Kd7 39. Qa1 Kc7 40. Ra2 Ne7 41. Ne2 Ng8 42. Ng1 Nf6 43. Nh3 Nh7 44. Ra6 Qc8 45. Ra7 Qb8 46. Qa6 Bd8 47. g5 Nxg5 48. Nxg5 Bxg5 49.
Bg4 Bd8 50. Bd7 Kxd7 51. Rxb7+ Qxb7 52. Qxb7+ Bc7 53. Ke2 1-0

[Event "Early-Titled-Tuesday-Blitz-September-26-2023"]
[Site "Chess.com"]
[Date "2023.09.26"]
[Round "7"]
[White "emeli_chess"]
[Black "CraiggoryC"]
[Result "1-0"]
[WhiteElo "2356"]
[BlackElo "2242"]
[TimeControl "180+1"]
[EndTime "9:18:34 PDT"]
[Termination "emeli_chess won by checkmate"]

1. d4 e6 2. c4 Nf6 3. Nc3 d5 4. cxd5 exd5 5. Bg5 c6 6. Qc2 Be7 7. e3 O-O 8. Bd3 Nbd7 9. Nf3 Re8 10. O-O Nf8 11.
h3 g6 12. Ne5 Ne6 13. Bh6 Ng7 14. Rab1 a5 15. a3 Bf5 16. b4 Bxd3 17. Qxd3 Nf5 18.
Bf4 Nd7 19. b5 Nxe5 20. Bxe5 Bxa3 21. bxc6 bxc6 22. Nxd5 cxd5 23. Qxa3 a4 24. Rb5 Qe7 25. Rc5 f6 26. Bf4 Kg7 27. Rb1 Rec8 28. Rbb5 Rxc5 29.
Rxc5 Rc8 30. Qxa4 Rxc5 31. dxc5 Qxc5 32. Qd7+ Kg8 33. g4 Nh4 34. Bh6 Nf3+ 35. Kg2 Ne1+ 36. Kg3 Nd3 37. Qg7# 1-0

[Event "Early-Titled-Tuesday-Blitz-September-26-2023"]
[Site "Chess.com"]
[Date "2023.09.26"]
[Round "7"]
[White "Aswathchess"]
[Black "AndrewB92"]
[Result "1-0"]
[WhiteElo "2581"]
[BlackElo "2364"]
[TimeControl "180+1"]
[EndTime "9:18:39 PDT"]
[Termination "Aswathchess won by resignation"]

1. Nf3 d5 2. g3 Nf6 3. Bg2 Bf5 4. d3 c6 5. O-O Nbd7 6. Nbd2 e6 7. Re1 Be7 8. e4 dxe4 9. dxe4 Bg6 10. Qe2 O-O 11. c3 Nc5 12. Ne5 a5 13. Nxg6 hxg6 14. Nc4 Qd3 15. Ne5 Qxe2 16. Rxe2 Rfd8 17. Bg5 Kf8 18. h4 Nfd7 19. Nxd7+ Rxd7 20. Be3 Rad8 21. Bf3 Rd1+ 22. Re1 Rxa1 23. Rxa1 Na4 24. Rb1 Bc5 25. Bf4 e5 26.
Bxe5 Rd2 27. Bd4 Bxd4 28. cxd4 Rxd4 29. e5 Rd2 30. b4 Nc3 31. Rb3 axb4 32. Rxb4 Rd7 33.
a4 Ke7 34. a5 Ke6 35. Bg4+ 1-0

[Event "Early-Titled-Tuesday-Blitz-September-26-2023"]
[Site "Chess.com"]
[Date "2023.09.26"]
[Round "7"]
[White "Me_ch_an"]
[Black "LUISMIGUELOV"]
[Result "1-0"]
[WhiteElo "2345"]
[BlackElo "2140"]
[TimeControl "180+1"]
[EndTime "9:18:41 PDT"]
[Termination "Me_ch_an won on time"]

1. e4 c6 2. d4 d5 3. Nd2 dxe4 4. Nxe4 Bf5 5. Ng3 Bg6 6. Nf3 Nd7 7. h4 h6 8. h5 Bh7 9. Bd3 Bxd3 10. Qxd3 e6 11. Bd2 Ngf6 12. O-O-O Bd6 13. Ne4 Nxe4 14. Qxe4 Nf6 15.
Qe2 Qc7 16. Kb1 O-O-O 17. c4 Bf4 18. Bc3 Rhe8 19. Qc2 Bd6 20. Qa4 Ne4 21. Be1 b6 22. Qc2 f5 23. Nh4 Qf7 24. f3 Nf6 25. Rf1 Qxh5 26.
d5 Kb7 27. dxe6 f4 28. Nf5 Qh2 29. Rxd6 Rc8 30. Nxg7 Re7 31. Nf5 Ree8 32. Bc3 Nh5 33.
Rd7+ 1-0

[Event "Early-Titled-Tuesday-Blitz-September-26-2023"]
[Site "Chess.com"]
[Date "2023.09.26"]
[Round "7"]
[White "Igrok3069"]
[Black "wannabe2700"]
[Result "0-1"]
[WhiteElo "2867"]
[BlackElo "2669"]
[TimeControl "180+1"]
[EndTime "9:18:42 PDT"]
[Termination "wannabe2700 won on time"]

1. d4 f5 2. c4 Nf6 3. Nc3 g6 4.
h4 d6 5. Bg5 Bg7 6. e3 h6 7.
Bxf6 Bxf6 8. Nd5 Bg7 9. Nf4 Kf7 10. c5 e6 11. Nf3 dxc5 12. Bc4 c6 13. Qb3 Qa5+ 14. Ke2 Re8 15. Rhd1 b5 16. Bxe6+ Bxe6 17. Nxe6 Rxe6 18. dxc5 Qa4 19. Qxa4 bxa4 20. Rac1 Na6 21.
Rc4 Bxb2 22. Nd4 Bxd4 23. Rdxd4 a3 24. Rc3 Rb8 25. Rxa3 Rb2+ 26. Rd2 Rxd2+ 27. Kxd2 Nxc5 28. Rxa7+ Re7 29. Ra5 Ne4+ 30. Ke2 Rd7 31. f3 Nc3+ 32. Kf2 Rd1 33. Kg3 Rd2 34. Rc5 Ne2+ 35. Kh2 f4 36.
e4 Ng3 0-1

[Event "Early-Titled-Tuesday-Blitz-September-26-2023"]
[Site "Chess.com"]
[Date "2023.09.26"]
[Round "7"]
[White "ATM622"]
[Black "Witty_Alien"]
[Result "1-0"]
[WhiteElo "2419"]
[BlackElo "2211"]
[TimeControl "180+1"]
[EndTime "9:18:42 PDT"]
[Termination "ATM622 won by checkmate"]

1. d4 e5 2. dxe5 d6 3. exd6 Bxd6 4. Nf3 Nf6 5. Nc3 Bd7 6. Bg5 Nc6 7. e3 h6 8. Bh4 Bg4 9. Be2 Qd7 10. Bxf6 gxf6 11.
Ne4 Bb4+ 12. c3 Qe7 13. Nxf6+ Qxf6 14. cxb4 Rg8 15. b5 Rd8 16. Qb3 Bxf3 17. Bxf3 Ne5 18. Rd1 Nxf3+ 19. gxf3 Rxd1+ 20. Qxd1 Qxb2 21. a4 Ke7 22.
Kf1 Rd8 23. Qe1 Qf6 24. Qb4+ Rd6 25. Qe4+ Re6 26. Qb4+ Ke8 27. Ke2 Rd6 28. Rg1 Kd7 29. Qg4+ Re6 30. Rd1+ Ke7 31. Qb4+ Ke8 32. Qd4 Qg6 33.
Qd8# 1-0

[Event "Early-Titled-Tuesday-Blitz-September-26-2023"]
[Site "Chess.com"]
[Date "2023.09.26"]
[Round "7"]
[White "UK_23"]
[Black "amelia91"]
[Result "1-0"]
[WhiteElo "2414"]
[BlackElo "2143"]
[TimeControl "180+1"]
[EndTime "9:18:42 PDT"]
[Termination "UK_23 won by checkmate"]

1. e4 c5 2. Nf3 d6 3. d4 cxd4 4.
Qxd4 Nc6 5. Qe3 g6 6. h3 Bg7 7. Be2 Nf6 8. O-O O-O 9. Rd1 Bd7 10. c4 Rc8 11. Nc3 Nb4 12. Rb1 a6 13. b3 Qa5 14. Bb2 Rfe8 15. a3 Nc6 16. b4 Qc7 17.
Rbc1 Qb8 18. Rd2 h6 19. Rdc2 Be6 20. Nd5 Nd7 21. Bxg7 Kxg7 22. Nd4 Bxd5 23. cxd5 Na7 24. Bg4 Rxc2 25. Rxc2 Ne5 26. f4 Nxg4 27. hxg4 Rc8 28. Qc1 Rxc2 29. Qxc2 Qc8 30. Qb2 Kg8 31. f5 Qc4 32. fxg6 fxg6 33. Ne6 Kf7 34. Qg7+ Ke8 35. Qf8+ Kd7 36. Qd8# 1-0

[Event "Early-Titled-Tuesday-Blitz-September-26-2023"]
[Site "Chess.com"]
[Date "2023.09.26"]
[Round "7"]
[White "Korchmar_Vasiliy"]
[Black "WindWhistler11"]
[Result "1-0"]
[WhiteElo "2691"]
[BlackElo "2465"]
[TimeControl "180+1"]
[EndTime "9:18:43 PDT"]
[Termination "Korchmar_Vasiliy won on time"]

1. e4 e6 2. d4 d5 3. e5 c5 4. c3 Nc6 5. Nf3 Bd7 6. Be2 f5 7.
O-O Be7 8. c4 dxc4 9. d5 exd5 10. Qxd5 Nb4 11. Qxc4 b5 12. Qc3 Nd5 13. Qc2 Nb4 14. Qb3 Qb6 15. Nc3 Be6 16. Qd1 a6 17. a3 Rd8 18. Bd2 Nd3 19. Qc2 c4 20. Be3 Bc5 21. Bxc5 Qxc5 22. Rad1 Nxe5 23. Rxd8+ Kxd8 24. Ng5 Ke7 25. Re1 Nf6 26. Bf1 Re8 27. Qe2 Nfg4 28. h3 Kf6 29. Nxe6 Rxe6 30. hxg4 Nf3+ 31. Qxf3 Rxe1 32. Nd5+ Ke6 33. Qxf5+ Kd6 34. Qf4+ Kxd5 35. Qd2+ Kc6 36. Qxe1 Qd4 37. Qc3 1-0

[Event "Early-Titled-Tuesday-Blitz-September-26-2023"]
[Site "Chess.com"]
[Date "2023.09.26"]
[Round "7"]
[White "Mariia89"]
[Black "McCarthyStone"]
[Result "1-0"]
[WhiteElo "2082"]
[BlackElo "2402"]
[TimeControl "180+1"]
[EndTime "9:18:44 PDT"]
[Termination "Mariia89 won by resignation"]

1. d4 d6 2. c4 Nf6 3. Nc3 g6 4. e4 Bg7 5. Be2 O-O 6. Nf3 Bg4 7. O-O c5 8. Be3 Bxf3 9. Bxf3 cxd4 10. Bxd4 Nc6 11. Be3 Rc8 12. Rc1 Ne5 13. b3 Nxf3+ 14.
Qxf3 Qa5 15. Bd2 Qh5 16. Nd5 Nxd5 17. exd5 Qxf3 18. gxf3 Bf6 19. Be3 b6 20. b4 Rc7 21.
Rc2 Rfc8 22. Rfc1 Kf8 23. Kf1 h5 24. a4 e6 25. dxe6 fxe6 26. Ke2 d5 27. c5 Ke7 28.
c6 d4 29. Bd2 b5 30. axb5 Rb8 31. Rc5 Kd6 32. Kd3 e5 33. Re1 Rb6 34. f4 exf4 35.
Bxf4+ 1-0

[Event "Early-Titled-Tuesday-Blitz-September-26-2023"]
[Site "Chess.com"]
[Date "2023.09.26"]
[Round "7"]
[White "gau248"]
[Black "jup1978"]
[Result "0-1"]
[WhiteElo "2579"]
[BlackElo "2438"]
[TimeControl "180+1"]
[EndTime "9:18:47 PDT"]
[Termination "jup1978 won by resignation"]

1. d4 c5 2. e3 e6 3. Nf3 Nf6 4. c4 b6 5. Be2 Bb7 6. O-O Be7 7. b3 O-O 8. Bb2 d6 9. Nc3 Nc6 10. Qd2 a6 11. Rad1 Qc7 12. h3 Rfd8 13. d5 exd5 14. Nxd5 Nxd5 15. cxd5 Nb8 16. e4 Nd7 17. Qf4 Bf6 18.
Bxf6 Nxf6 19. Nd2 Re8 20. f3 b5 21. Rfe1 Qb6 22. Kh2 Nd7 23. Nf1 Ne5 24. Ne3 Bc8 25. Qg3 Ra7 26. f4 Ng6 27. Bd3 Qd8 28. a4 h5 29. Qf3 Qf6 30. Nf5 Bxf5 31. exf5 Ne7 32. Qxh5 Rc8 33. axb5 axb5 34. Bxb5 Nxf5 35. Rd2 g6 36.
Qg4 Rb8 37. Bc4 Nd4 38. Re3 Re7 39. Rdd3 Rbe8 40. Rxe7 Rxe7 41. Rg3 Re4 42. Bd3 Rxf4 43. Qc8+ Kg7 44. Qd7 Nf5 45. Bxf5 Rxf5 46. Qc6 Qe5 47. Qd7 Rg5 48. Qg4 Rxg4 49. hxg4 Qxd5 0-1

[Event "Early-Titled-Tuesday-Blitz-September-26-2023"]
[Site "Chess.com"]
[Date "2023.09.26"]
[Round "7"]
[White "venturov"]
[Black "azikom"]
[Result "0-1"]
[WhiteElo "2457"]
[BlackElo "2639"]
[TimeControl "180+1"]
[EndTime "9:18:49 PDT"]
[Termination "azikom won by checkmate"]

1. e4 c5 2. Nf3 e6 3. d4 cxd4 4. Nxd4 a6 5. c4 g6 6. Nc3 Bg7 7. Be3 Ne7 8. Be2 O-O 9. O-O d5 10. exd5 exd5 11. cxd5 Nxd5 12. Nxd5 Qxd5 13. Bf3 Qa5 14.
Qb3 Nd7 15. Rac1 Ne5 16. Be2 Ng4 17. Bxg4 Bxg4 18. h3 Bc8 19. Rfd1 Re8 20. Rc2 b5 21. Rdc1 Qa4 22. Qd5 Be6 23. Nxe6 fxe6 24. Qd7 Rad8 25. Qb7 Qxa2 26. Rc7 Bxb2 27. Rxh7 Rf8 28. Rcc7 Rd1+ 29. Kh2 Be5+ 30. g3 Rxf2+ 31. Bxf2 Qxf2+ 32. Qg2 Bxg3# 0-1

[Event "Early-Titled-Tuesday-Blitz-September-26-2023"]
[Site "Chess.com"]
[Date "2023.09.26"]
[Round "7"]
[White "CristianS27"]
[Black "chesslh19"]
[Result "1-0"]
[WhiteElo "2497"]
[BlackElo "2330"]
[TimeControl "180+1"]
[EndTime "9:18:49 PDT"]
[Termination "CristianS27 won on time"]

1. e4 e5 2. Nf3 Nf6 3. Nxe5 d6 4.
Nf3 Nxe4 5. d4 d5 6. Bd3 Be7 7. O-O Nc6 8. Re1 Bg4 9. c4 Nf6 10. cxd5 Bxf3 11. Qxf3 Qxd5 12. Qg3 O-O 13. Nc3 Qxd4 14.
Nb5 Qg4 15. Qxg4 Nxg4 16. Nxc7 Rad8 17. Bc4 Bc5 18. Be3 Nxe3 19. fxe3 Ne5 20. Bb3 Ng4 21.
Nd5 Rxd5 22. Bxd5 Nxe3 23. Bxb7 Nc2+ 24. Kf1 Nxa1 25. Rxa1 Rb8 26. Rc1 Bd4 27. b3 g6 28.
Rc7 a5 29. Bd5 Rf8 30. h3 Kg7 31. Ke2 Kf6 32. Kd3 Bf2 33. Kc4 Be1 34. Ra7 1-0

[Event "Early-Titled-Tuesday-Blitz-September-26-2023"]
[Site "Chess.com"]
[Date "2023.09.26"]
[Round "7"]
[White "Arek_pacitan"]
[Black "GeorgiosSouleidis"]
[Result "1-0"]
[WhiteElo "2683"]
[BlackElo "2556"]
[TimeControl "180+1"]
[EndTime "9:18:50 PDT"]
[Termination "Arek_pacitan won on time"]

1. e4 c5 2. Nf3 e6 3. c3 d5 4. exd5 exd5 5. Bb5+ Bd7 6. Bxd7+ Nxd7 7. O-O Ngf6 8. d4 Be7 9. dxc5 Nxc5 10. Be3 O-O 11. Nbd2 Rc8 12. Nb3 Nfe4 13. Nxc5 Nxc5 14. Re1 b6 15. Bd4 Ne4 16. Qd3 Qc7 17. Rad1 Rfd8 18. h3 Bf6 19. Bxf6 Nxf6 20. Qf5 Qd7 21. Nd4 Qxf5 22.
Nxf5 Kf8 23. Rd4 Rc4 24. Rd3 Rc7 25. Red1 g6 26. Ne3 Rcd7 27. Rd4 Ke7 28. g4 h6 29. Kg2 Ke6 30. Kf3 Rd6 31. h4 b5 32. Nc2 Ne4 33. Nb4 f5 34. gxf5+ gxf5 35. Nd3 Kf6 36. Nf4 Ke5 37. Rg1 a5 38. Rg7 R8d7 39. Rg8 Rd8 40. Rg1 b4 41. Nd3+ Kf6 42. cxb4 axb4 43. Nxb4 Nd2+ 44. Rxd2 1-0

[Event "Early-Titled-Tuesday-Blitz-September-26-2023"]
[Site "Chess.com"]
[Date "2023.09.26"]
[Round "7"]
[White "sergeikim"]
[Black "infinitegiantkiller"]
[Result "1-0"]
[WhiteElo "2611"]
[BlackElo "2447"]
[TimeControl "180+1"]
[EndTime "9:18:50 PDT"]
[Termination "sergeikim won by checkmate"]

1. d4 Nf6 2. c4 c5 3. d5 e6 4. Nc3 exd5 5. cxd5 d6 6. e4 g6 7. Nge2 Bg7 8. Ng3 O-O 9. Be2 Na6 10.
O-O Nc7 11. a4 Re8 12. Bf4 a6 13. Qd2 Rb8 14. Bh6 Bd7 15. Bxg7 Kxg7 16. f4 b5 17. e5 dxe5 18. f5 e4 19. d6 Na8 20. fxg6 hxg6 21. Qg5 b4 22. Rxf6 bxc3 23. bxc3 Re6 24. Raf1 Rxf6 25.
Nh5+ Kg8 26. Nxf6+ Kg7 27. Qe5 Bf5 28. Nh5+ Kh6 29.
Qg7+ Kg5 30. g3 Bg4 31. Qe5+ f5 32. Bxg4 Kxg4 33. Nf6+ Kg5 34. h4+ Kh6 35. Nd5 Nb6 36. Ne7 Nc4 37. Qf4+ Kg7 38. Qg5 Qe8 39. Nxf5+ Kg8 40.
Ne7+ Kg7 41. Qf6+ Kh7 42. Qe6 Rb6 43. Rf7+ Kh6 44. Qxg6# 1-0

[Event "Early-Titled-Tuesday-Blitz-September-26-2023"]
[Site "Chess.com"]
[Date "2023.09.26"]
[Round "7"]
[White "Bauman_Guy"]
[Black "wqws"]
[Result "1-0"]
[WhiteElo "2882"]
[BlackElo "2660"]
[TimeControl "180+1"]
[EndTime "9:18:51 PDT"]
[Termination "Bauman_Guy won by resignation"]

1. e4 c5 2. Nf3 d6 3. d4 cxd4 4.
Nxd4 Nf6 5. Nc3 a6 6. h3 e5 7. Nde2 h5 8. Bg5 Be6 9. Nc1 Nbd7 10. Be2 Be7 11. Nb3 b5 12. a4 b4 13. Nd5 Bxd5 14. exd5 Ne4 15. Be3 Bg5 16. Qd3 f5 17. O-O g6 18. a5 O-O 19. Ra4 Bxe3 20. Qxe3 Rb8 21.
Raa1 Nec5 22. Nd2 Qf6 23. Nc4 f4 24. Qd2 e4 25. Rfe1 Rbe8 26. Bf1 Ne5 27. Qxb4 e3 28. f3 Qh4 29. Nxd6 Qg3 30. Kh1 g5 31. Qxc5 g4 32. Ne4 Qh4 33. Qd6 gxf3 34. gxf3 Nxf3 35.
Qg6+ Kh8 36. Re2 Re5 37. Qh6+ Kg8 38. Rg2+ Ng5 39. Rxg5+ Rxg5 40. Qxg5+ 1-0

[Event "Early-Titled-Tuesday-Blitz-September-26-2023"]
[Site "Chess.com"]
[Date "2023.09.26"]
[Round "7"]
[White "DefiantChair"]
[Black "Antik5"]
[Result "0-1"]
[WhiteElo "2561"]
[BlackElo "2401"]
[TimeControl "180+1"]
[EndTime "9:18:51 PDT"]
[Termination "Antik5 won by checkmate"]

1. e4 b6 2. d4 Bb7 3. Nc3 e6 4. Bd3 Bb4 5. Qg4 Nf6 6. Qxg7 Rg8 7. Qh6 Rg6 8. Qh4 Rg4 9. Qh3 Bxe4 10. f3 Bxd3 11.
fxg4 Bxc2 12. Bg5 d5 13. Ne2 Nbd7 14. O-O Be7 15. Nf4 c5 16. Rae1 cxd4 17. Nb5 Ne4 18. Bxe7 Qxe7 19. Nc7+ Kd8 20. Nxa8 Ne5 21. Qa3 Qxa3 22.
bxa3 d3 23. Rc1 Nc4 24. Rfd1 Bxd1 25. Rxd1 d2 26. Nd3 Ne3 27. Nf2 Nxd1 28. Nxd1 Kc8 29. Kf1 Kb7 30. Ke2 Kxa8 31. Ne3 Kb7 32. g5 Kc6 33. h4 Kb5 34. g4 Ka4 35. h5 Kxa3 36. Kd1 Kxa2 37. Ng2 b5 38. Nf4 b4 39. Nd3 b3 40. g6 fxg6 41. hxg6 hxg6 42. Nb4+ Ka3 43. Nd3 b2 44. Kc2 b1=Q+ 45. Kxb1 d1=Q+ 46. Nc1 Nd2+ 47. Ka1 Qxc1# 0-1

[Event "Early-Titled-Tuesday-Blitz-September-26-2023"]
[Site "Chess.com"]
[Date "2023.09.26"]
[Round "7"]
[White "Gyulamiryan-koryun"]
[Black "Zhani-Z"]
[Result "1-0"]
[WhiteElo "2005"]
[BlackElo "2190"]
[TimeControl "180+1"]
[EndTime "9:18:51 PDT"]
[Termination "Gyulamiryan-koryun won on time"]

1. e4 c5 2. Nf3 e6 3. c4 Nc6 4. Nc3 Nd4 5. Be2 d6 6. O-O Nf6 7. d3 Be7 8. a3 d5 9. e5 Ng4 10.
Nxd4 cxd4 11. Nb5 Nxe5 12. Nxd4 dxc4 13. dxc4 O-O 14. Bf4 Bf6 15. Rb1 Bd7 16. Nb5 Bxb5 17. cxb5 Qxd1 18. Rfxd1 Rfd8 19. Rxd8+ Rxd8 20. h3 Rc8 21. Be3 b6 22. b3 Kf8 23. f4 Nd7 24. a4 Nc5 25. g4 Ne4 26. Rc1 Rxc1+ 27. Bxc1 Bd4+ 28.
Kg2 Nc3 29. Bf3 Ke7 30. f5 Nd5 31. Bg5+ 1-0

[Event "Early-Titled-Tuesday-Blitz-September-26-2023"]
[Site "Chess.com"]
[Date "2023.09.26"]
[Round "7"]
[White "halfnatty"]
[Black "FGHSMN"]
[Result "1-0"]
[WhiteElo "2719"]
[BlackElo "2852"]
[TimeControl "180+1"]
[EndTime "9:18:53 PDT"]
[Termination "halfnatty won by resignation"]

1. e4 e5 2. Nf3 Nc6 3. Bb5 a6 4. Ba4 Nf6 5. O-O d6 6. Re1 Bd7 7. c3 g6 8. d4 Bg7 9. Nbd2 O-O 10.
h3 exd4 11. cxd4 Nb4 12. Bxd7 Qxd7 13. Qb3 a5 14. a3 Nc6 15. d5 Nb8 16. Nf1 Na6 17.
Ng3 Nc5 18. Qc2 Rfe8 19. Bd2 a4 20. Bb4 Nb3 21. Rad1 Rac8 22. Qc4 Qe7 23. e5 Nd7 24. exd6 Qd8 25. Rxe8+ Qxe8 26. dxc7 Nb6 27. Qf4 Qd7 28. d6 Re8 29. Ne4 f5 30. Nc5 Nxc5 31. Bxc5 Nc8 32. Qc4+ Kh8 33. Ng5 Bxb2 34. Rb1 Bf6 35. Nf3 b6 36.
Bb4 Re4 37. Qd5 Kg7 38. Rc1 Re6 39. Qc6 Qf7 40. Qxa4 Bb2 41. d7 b5 42. Qxb5 Na7 43.
Qa4 Bxc1 44. d8=Q Bf4 45. Bc3+ Kh6 46. Qxf4+ 1-0

[Event "Early-Titled-Tuesday-Blitz-September-26-2023"]
[Site "Chess.com"]
[Date "2023.09.26"]
[Round "7"]
[White "Caroexpert"]
[Black "GMJustin"]
[Result "1-0"]
[WhiteElo "2449"]
[BlackElo "2237"]
[TimeControl "180+1"]
[EndTime "9:18:53 PDT"]
[Termination "Caroexpert won on time"]

1. d4 d5 2. c4 e5 3. dxe5 d4 4. Nf3 c5 5. e3 Nc6 6. Be2 Nge7 7.
O-O Ng6 8. exd4 cxd4 9. Re1 Bb4 10.
Bd2 Bxd2 11. Qxd2 O-O 12. Bd3 Bg4 13. Be4 Bxf3 14. Bxf3 Ngxe5 15. Bd5 Qf6 16. Na3 Rad8 17. Nc2 Qg6 18. Kh1 d3 19. Ne3 Nd4 20. f4 Nec6 21. Rad1 Rfe8 22. Qxd3 Qxd3 23. Rxd3 Nf5 24. g4 Nb4 25.
Bxf7+ 1-0

[Event "Early-Titled-Tuesday-Blitz-September-26-2023"]
[Site "Chess.com"]
[Date "2023.09.26"]
[Round "7"]
[White "Dewarfd"]
[Black "AsaHoffmann"]
[Result "1-0"]
[WhiteElo "2156"]
[BlackElo "2393"]
[TimeControl "180+1"]
[EndTime "9:18:53 PDT"]
[Termination "Dewarfd won by resignation"]

1. d4 Nf6 2. e3 b6 3. Nf3 Bb7 4. Bd3 d6 5. O-O Nbd7 6. b4 e5 7. Be2 Be7 8. Bb2 e4 9. Nfd2 c5 10. a3 cxd4 11. Bxd4 O-O 12. c4 d5 13. Nc3 dxc4 14. Nxc4 Rc8 15. Qb3 a6 16. Rfd1 Qc7 17. Rac1 b5 18. Na5 Qb8 19. Nxb7 Qxb7 20. Bf1 Nb6 21.
Bxb6 Qxb6 22. Ne2 Rxc1 23. Rxc1 Rd8 24. Nd4 g6 25. h3 Qb7 26. Qc3 Nd5 27. Qc6 Qxc6 28. Nxc6 Re8 29. Nxe7+ Rxe7 30. Rc6 Ra7 31. g4 h6 32. Bg2 f5 33. gxf5 gxf5 34. Rxh6 Kg7 35.
Rd6 Nc3 36. h4 Nb1 37. Bh3 Nxa3 38. Bxf5 Nc2 39. Bxe4 Nxb4 40. h5 Re7 41. h6+ Kg8 42. f3 Kf7 43. h7 Re8 44. Bg6+ Ke7 45. Bxe8 Kxd6 46. h8=Q Kc5 47. Qc3+ 1-0

[Event "Early-Titled-Tuesday-Blitz-September-26-2023"]
[Site "Chess.com"]
[Date "2023.09.26"]
[Round "7"]
[White "DarZay"]
[Black "Darius321"]
[Result "1/2-1/2"]
[WhiteElo "2209"]
[BlackElo "2333"]
[TimeControl "180+1"]
[EndTime "9:18:53 PDT"]
[Termination "Game drawn by repetition"]

1. e4 e5 2. Nf3 Nf6 3. Nxe5 d6 4. Nf3 Nxe4 5. Nc3 Nf6 6. d4 d5 7. Bd3 Be7 8. Be3 O-O 9. Qd2 Nc6 10. a3 Ng4 11. Bf4 Bf6 12. O-O-O Nxd4 13. Nxd4 Bxd4 14.
Bxh7+ Kxh7 15. Qxd4 c6 16. f3 Nf6 17. Bg5 Qd6 18. Qh4+ Kg8 19. Ne4 Nxe4 20. fxe4 Be6 21. exd5 Bxd5 22. Be7 Qg6 23. Bxf8 Rxf8 24. g3 Bxh1 25.
Rxh1 Re8 26. Rd1 f6 27. Qc4+ Qf7 28. Qf4 Qa2 29. Rd7 Qa1+ 30. Kd2 Qe1+ 31. Kd3 Qd1+ 32. Qd2 Qf3+ 33. Kc4 b5+ 34. Kb4 Re4+ 35. Rd4 Qg4 36. Rxe4 Qxe4+ 37. Kc5 Qc4+ 38. Kd6 Kf7 39. Qe3 Qxc2 40.
Qe6+ Kg6 41. Qg4+ Kf7 42. Qe6+ Kg6 43. Qg4+ Kh6 44. Qh4+ Kg6 45. Qg4+ 1/2-1/2

[Event "Early-Titled-Tuesday-Blitz-September-26-2023"]
[Site "Chess.com"]
[Date "2023.09.26"]
[Round "7"]
[White "JoakimVonAnd"]
[Black "ajedrezhoy"]
[Result "1-0"]
[WhiteElo "2695"]
[BlackElo "2383"]
[TimeControl "180+1"]
[EndTime "9:18:54 PDT"]
[Termination "JoakimVonAnd won on time"]

1. c4 e5 2. Nf3 e4 3. Nd4 c6 4.
Nc3 d5 5. cxd5 cxd5 6. d3 Nf6 7. dxe4 dxe4 8. Bf4 Bd7 9. e3 Bb4 10. Nb5 O-O 11.
Nc7 Bxc3+ 12. bxc3 Qc8 13. Qc2 Nh5 14. Bd6 Rd8 15.
Be2 Nf6 16. O-O Bg4 17. Bg3 Bxe2 18. Qxe2 Nc6 19. Nxa8 Qxa8 20. Rfd1 Re8 21. Rd2 Qc8 22. Rad1 h5 23. Bh4 Ng4 24. h3 Nge5 25. Rd5 Qe6 26.
Qxh5 g6 27. Qg5 Nd3 28. Bg3 Ne7 29. Rd6 Qxa2 30. Qf6 Nf5 31. R1xd3 exd3 32. Be5 Rxe5 33.
Rd8+ 1-0

[Event "Early-Titled-Tuesday-Blitz-September-26-2023"]
[Site "Chess.com"]
[Date "2023.09.26"]
[Round "7"]
[White "Qvalda"]
[Black "whiteglovethief"]
[Result "1-0"]
[WhiteElo "2393"]
[BlackElo "2494"]
[TimeControl "180+1"]
[EndTime "9:18:55 PDT"]
[Termination "Qvalda won by resignation"]

1. Nf3 d5 2. e3 c5 3. b3 Nc6 4. Bb5 Bd7 5. Bb2 Nf6 6. O-O e6 7. d3 Bd6 8. Bxc6 Bxc6 9. Ne5 Rc8 10. Nd2 O-O 11. f4 Nd7 12. Qh5 Bxe5 13. fxe5 f6 14. exf6 Nxf6 15. Qh3 Qe7 16. Nf3 Bd7 17. Ne5 c4 18.
Bd4 cxd3 19. cxd3 Rc2 20. Rac1 Rxa2 21. Rc7 Qd6 22. Rxb7 Bc8 23. Rxg7+ Kxg7 24. Ng4 e5 25. Qh6+ Kg8 26. Bxe5 Qe7 27. Nxf6+ Rxf6 28. Bxf6 Qf7 29. Bd4 Bf5 30. Qg5+ Qg6 31. Rxf5 Qxg5 32. Rxg5+ Kf7 33. Rxd5 Ke6 34. Rh5 a5 35. Rxh7 Kd5 36. h4 a4 37.
bxa4 Rxa4 38. Kh2 Ra6 39. Rh5+ Kc6 40. Rh6+ Kd5 41. e4+ 1-0

[Event "Early-Titled-Tuesday-Blitz-September-26-2023"]
[Site "Chess.com"]
[Date "2023.09.26"]
[Round "7"]
[White "goodluck06"]
[Black "ferdipy"]
[Result "1-0"]
[WhiteElo "2671"]
[BlackElo "2312"]
[TimeControl "180+1"]
[EndTime "9:18:57 PDT"]
[Termination "goodluck06 won on time"]

1. Nf3 e6 2. g3 d5 3. Bg2 Nf6 4. O-O Be7 5. c4 O-O 6. b3 c6 7. Bb2 b6 8. d4 Nbd7 9. Nc3 Bb7 10. Nd2 Rc8 11. e4 dxe4 12. Ndxe4 Nxe4 13. Nxe4 Nf6 14. Re1 Nxe4 15. Bxe4 Bf6 16. Qd3 g6 17. Rad1 Rc7 18.
Qe3 Rd7 19. Rd2 c5 20. Bxb7 cxd4 21. Qf3 Bg7 22. Ba3 Re8 23. Bc6 e5 24. Bxd7 Qxd7 25.
Qd5 Qxd5 26. cxd5 Rd8 27. d6 f5 28. Rc1 Kf7 29. Rc7+ Kf6 30. Rxa7 Bh6 31. Rd1 Ke6 32.
Rxh7 Bg5 33. Rg7 Kf6 34. Rc7 Ke6 35. h4 Bf6 36. Bb4 e4 37. a4 b5 38. a5 Rb8 39. a6 Ra8 40. a7 Be5 41. Re7+ Kd5 42. d7 1-0